 Dungeon Crawl Stone Soup version 0.30.1-8-g117510f58f (webtiles) character file.

Game seed: 1379299124440556204

4039 arthad the Trooper (level 10, 0/73 HPs)
             Began as a Djinni Gladiator on Sept 23, 2023.
             Was a Follower of Okawaru.
             Slain by a vault guard
             ... wielding a +0 broad axe
              (5 damage)
             ... in a bailey.
             The game lasted 00:22:08 (8550 turns).

arthad the Trooper (Djinni Gladiator)               Turns: 8550, Time: 00:22:09

Health: 0/73       AC:  9    Str: 17    XL:     10   Next: 48%
Gold:   284        EV: 19    Int: 11    God:    Okawaru [*.....] SH:  0 Dex: 20

rFire   + + .        a - +0 long sword
rCold   x . .        (no shield)
rNeg    . . .        b - +0 leather armour
rPois   ∞            c - +0 helmet
rElec   .            (no cloak)
rCorr   .            (no gloves)
SInv    .            (boots unavailable)
Will    +....        (no amulet)
Stlth   ++++         u - +4 ring of protection
HPRegen 0.32/turn    h - +6 ring of dexterity
MPRegen 0.00/turn

%: infuse magic (-1 HP)
@: heroic, flying
A: sickness immunity, fire resistance 2, cold vulnerability 1, float, innate
caster, HP casting, extra vitality 1, noise suppression
a: Renounce Religion, Heroism


You were in a bailey.
You worshipped Okawaru.
Okawaru was aware of your devotion.
You visited 2 branches of the dungeon, and saw 8 of its levels.
You also visited: Bailey.

You collected 284 gold pieces.

Inventory:

Hand Weapons
 a - a +0 long sword (weapon)
Missiles
 d - a throwing net
 e - a javelin
 g - 6 poisoned darts (quivered)
 t - 4 boomerangs
Armour
 b - a +0 leather armour (worn)
 c - a +0 helmet (worn)
Jewellery
 f - a ring of wizardry
 h - a +6 ring of dexterity (right hand)
 m - a ring of see invisible
 u - a +4 ring of protection (left hand)
Wands
 y - a wand of polymorph (3)
Scrolls
 k - a scroll of magic mapping
 n - 2 scrolls of teleportation
 o - 2 scrolls of fog
 p - 4 scrolls of silence
 r - 5 scrolls of vulnerability


   Skills:
 * Level 6.7(11.7) Fighting
 * Level 6.5(11.5) Long Blades
 + Level 4.0(9.0) Throwing
 + Level 4.3(9.3) Armour
 + Level 6.0(11.0) Dodging
 + Level 4.0(9.0) Stealth
 + Level 4.1 Spellcasting
 * Level 2.7 Invocations


You knew the following spells:

 Your Spells              Type           Power      Damage    Failure   Level
a - Slow                  Hex            44%        N/A       4%          1
b - Searing Ray           Conj           22%        2d5       8%          2
c - Hailstorm             Conj/Ice       11%        3d5       14%         3
d - Volatile Blastmotes   Fire/Tloc      22%        2d11      14%         3
Your spell library was empty.

Dungeon Overview and Level Annotations

Branches:
Dungeon (7/15)             Temple (1/1) D:6          Bailey (1/1)

Altars:
Ashenzari
Cheibriados
Dithmenos
Fedhas
Gozag
Hepliaklqana
Okawaru
Trog
Uskayaw
Wu Jian
Xom
Yredelemnul
The Shining One

Shops:
D:2 =


Innate Abilities, Weirdness & Mutations

You are immune to sickness and miasma.
You are immune to poison.
Your flesh is very heat resistant. (rF++)
You are vulnerable to cold. (rC-)
You float through the air rather than walking.
You learn spells naturally, not from books.
Your magical power is your life essence.
You have superior vitality. (+4 MHP)
You passively dampen the noise of your surroundings.


Message History

The vault guard hits you with a +0 broad axe!
The searing ray hits the vault guard but does no damage.
The vault guard is lightly wounded.
The vault guard completely misses you.
The searing ray hits the vault guard but does no damage.
The vault guard is lightly wounded.
You finish channelling your searing ray.
The vault guard hits you with a +0 broad axe!
You aren't carrying any potions.
Unknown command.
You gain the combat prowess of a mighty hero.
The vault guard closely misses you.
You hit the vault guard but do no damage.
The vault guard is lightly wounded.
The vault guard hits you with a +0 broad axe.
You slash the vault guard!
The vault guard is moderately wounded.
The vault guard hits you with a +0 broad axe!
You hit the vault guard but do no damage.
You punch the vault guard, but do no damage.
The vault guard is moderately wounded.
You closely miss the vault guard.
The vault guard is moderately wounded.
The vault guard misses you.
You hit the vault guard.
The vault guard is moderately wounded.
The vault guard hits you with a +0 broad axe!
* * * LOW HITPOINT WARNING * * *
The vault guard attacks as you move away!
The vault guard hits you with a +0 broad axe!
* * * LOW HITPOINT WARNING * * *
Okay, then.
You aren't carrying any potions.
As you read the scroll of fear, it crumbles to dust.
You assume a fearsome visage.
The vault guard resists with some effort.
As you read the scroll labelled ZODWOSAKUI, it crumbles to dust.
Nothing appears to happen.
It was a scroll of butterflies.
The vault guard hits you with a +0 broad axe.
You die...

### ##~. #~~.≈ ~~~.≈#
#~..~≈### #########
#(~(~≈≈####≈≈#....##
.#..~.~~≈≈@≈~~#.†.).##
.'...~(.~p~~.)'..#...#
.#............#..#...#
#..~....~~≈≈≈#..##).#
#~.....~~~≈#######...#
≈~~~~~~~~~≈##.......#####
#≈~~~~~~~~~≈#......##...##
##≈≈~~~~~≈≈##'#...))).∩..#
###≈≈≈≈≈###..######[)...#


You could see a vault guard.

Vanquished Creatures
  Prince Ribbit (Bailey)
  8 humans (Bailey)
  3 water moccasins
  A black bear (D:6)
  2 sky beasts (D:6)
  2 phantoms
  2 centaurs (D:6)
  8 bullfrogs
  4 scorpions
  3 killer bees (D:5)
  3 hounds
  A jelly (D:5)
  8 orc priests
  6 orc wizards
  A sleepcap (D:4)
  4 iguanas
  8 gnolls
  11 adders
  A shadow imp (D:6)
  5 worms
  2 dart slugs
  28 orcs
  9 endoplasms
  4 giant cockroaches
  15 goblins
  12 hobgoblins
  4 jackals (D:1)
  13 kobolds
  7 quokkas
  7 ball pythons
  10 bats
  2 frilled lizards (D:1)
  13 rats
208 creatures vanquished.

Notes
Turn   | Place    | Note
-------+----------+-------------------------------------------
     0 | D:1      | arthad the Djinni Gladiator began the quest for the Orb.
     0 | D:1      | Reached XP level 1. HP: 18/18 MP: 0/0
   172 | D:1      | Reached XP level 2. HP: 23/23 MP: 0/0
   287 | D:1      | Noticed an eye of devastation
   297 | D:1      | Found a faded altar of an unknown god.
   298 | D:1      | Noticed a shining eye
   298 | D:1      | Noticed an eye of devastation
   298 | D:1      | Noticed a shining eye
   302 | D:1      | Reached XP level 3. HP: 29/29 MP: 0/0
   302 | D:1      | Learned a level 1 spell: Slow
   948 | D:2      | Reached skill level 1 in Armour
   948 | D:2      | Reached XP level 4. HP: 25/34 MP: 0/0
  1149 | D:2      | Found Siuvipn's Jewellery Emporium.
  1772 | D:3      | Reached skill level 1 in Stealth
  1866 | D:3      | Gained mutation: You are clumsy. (Dex -2) [potion of
                  | mutation]
  1866 | D:3      | Lost mutation: You are clumsy. (Dex -2) [potion of
                  | mutation]
  1866 | D:3      | Gained mutation: Your mind is acute. (Int +4, Str/Dex -1)
                  | [potion of mutation]
  1866 | D:3      | Gained mutation: You are robust. (+10% HP) [potion of
                  | mutation]
  1870 | D:3      | Reached XP level 5. HP: 22/44 MP: 0/0
  1870 | D:3      | Learned a level 2 spell: Searing Ray
  2089 | D:3      | Noticed a phantom
  2109 | D:3      | Killed a phantom
  2110 | D:3      | Reached XP level 6. HP: 27/50 MP: 0/0
  2163 | D:3      | Noticed a water moccasin
  2182 | D:3      | Killed a water moccasin
  2183 | D:3      | Reached skill level 1 in Spellcasting
  2858 | D:3      | Reached XP level 7. HP: 55/55 MP: 0/0
  2858 | D:3      | Learned a level 3 spell: Hailstorm
  3635 | D:4      | Got the Exposition on Cinders
  4320 | D:5      | Entered Level 5 of the Dungeon
  4479 | D:5      | Reached XP level 8. HP: 63/63 MP: 0/0
  5408 | D:5      | Found a hide-covered altar of Uskayaw.
  6027 | D:5      | Reached skill level 5 in Long Blades
  6032 | D:5      | Reached skill level 5 in Fighting
  6213 | D:5      | Reached XP level 9. HP: 23/71 MP: 0/0
  6213 | D:5      | Learned a level 3 spell: Volatile Blastmotes
  6383 | D:6      | Reached skill level 5 in Dodging
  7023 | D:6      | Found a staircase to the Ecumenical Temple.
  7030 | Temple   | Entered the Ecumenical Temple
  7133 | Temple   | Became a worshipper of Warmaster Okawaru
  7235 | D:7      | Found a flagged portal.
  7243 | Bailey   | Entered a bailey
  7456 | Bailey   | Reached XP level 10. HP: 8/79 MP: 0/0
  7482 | Bailey   | Reached skill level 1 in Invocations
  7503 | Bailey   | Reached * piety under Okawaru
  7945 | Bailey   | Noticed Prince Ribbit
  7957 | Bailey   | Noticed a vault guard
  7976 | Bailey   | HP: 4/80 [bullfrog (6)]
  8208 | Bailey   | Lost mutation: You are robust. (+10% HP) [potion of
                  | mutation]
  8208 | Bailey   | Lost mutation: Your mind is acute. (Int +4, Str/Dex -1)
                  | [potion of mutation]
  8208 | Bailey   | Gained mutation: You passively dampen the noise of your
                  | surroundings. [potion of mutation]
  8260 | Bailey   | Killed Prince Ribbit
  8546 | Bailey   | HP: 3/73 [vault guard/+0 broad axe (14)]
  8550 | Bailey   | Slain by a vault guard

Illustrated notes

Levels and vault maps discovered:
D:1:      lightli_molten_gateway, layout_loops_corners,
          hellmonk_ecumenical_altar_watching_god
D:2:      layout_basic, serial_shops, nicolae_shop_rolling_square,
          serial_forest, infiniplex_forest_zigzag_2,
          infiniplex_forest_lined_4_way, infiniplex_forest_clump_small,
          infiniplex_forest_clump_large, infiniplex_forest_lined_2,
          infiniplex_forest_clump_diagonal, infiniplex_forest_lined_ring,
          infiniplex_forest_clump_small, infiniplex_forest_clump_small,
          infiniplex_forest_side_room, minmay_between
D:3:      minmay_razor_zed, layout_basic
D:4:      corexii_shack_village, layout_loops_ring
D:5:      minmay_evil_eye, layout_layer_cave, eat_drink_and_be_merry_uskayaw
D:6:      layout_rooms, led_sif_pool, minmay_temple_entry_glass
D:7:      layout_layer_cave, nicolae_ru_path_of_blood, enter_bailey_3
Temple:   compressed_dpeg_circular_temple
Bailey:   bailey_axe_froggy_fort_hellmonk, bailey

Skill      XL: |  1  2  3  4  5  6  7  8  9 10 |
---------------+-------------------------------+-----
Long Blades    | 3 4 5 6 |  6.5
Armour         | 1 2 3 4 |  4.3
Stealth        | 1 2 3 4 |  4.0
Fighting       | 3 4 5 6 |  6.7
Throwing       | 2 3 4 |  4.0
Dodging        | 4 5 6 |  6.0
Spellcasting   | 1 2 3 4 |  4.1
Invocations    | 2 |  2.7

Action                     |  1- 3 |  4- 6 |  7- 9 | 10-12 || total
---------------------------+-------+-------+-------+-------++-------
  Melee: Long sword        |    98 |   228 |   368 |    73 ||   767
         Punch             |     1 |     4 |     5 |     3 ||    13
         Unarmed           |       |       |     4 |       ||     4
  Throw: Dart              |       |       |     4 |    22 ||    26
         Boomerang         |       |       |    61 |    13 ||    74
         Javelin           |       |       |       |     2 ||     2
         Throwing net      |       |       |       |     2 ||     2
   Cast: Slow              |       |     1 |    10 |       ||    11
         Searing Ray       |       |       |     2 |     1 ||     3
         Hailstorm         |       |       |     6 |     1 ||     7
 Invoke: Heroism           |       |       |       |     4 ||     4
  Evoke: Wand              |       |       |     1 |    12 ||    13
    Use: Potion            |       |     8 |     7 |     2 ||    17
         Scroll            |       |       |     8 |     4 ||    12
   Stab: Sleeping          |       |     4 |     6 |       ||    10
         Invisible         |       |       |     1 |     6 ||     7
         Distracted        |       |       |     1 |       ||     1
 Armour: Leather armour    |    41 |    76 |   128 |     9 ||   254
         Skin              |       |    11 |     1 |       ||    12
  Dodge: Dodged            |    77 |   175 |   301 |    54 ||   607
